Map: Ciudad Esmeralda EE

Players

MrFercho - Winner!

  • Race: Zerg Zerg
  • League: Gold
  • Spawn Location: 5:00

TATORREA - Winner!

  • Race: Protoss Protoss
  • League: Gold
  • Spawn Location: 5:00

Ooze

  • Race: Protoss Protoss
  • League: Diamond
  • Spawn Location: 11:00

TheBuddha

  • Race: Protoss Protoss
  • Spawn Location: 11:00

VOD

Have the link to the VOD?

Description

Time

  • Played on: Aug. 16, 2020, 7:41 p.m.
  • Length: 18:12
Show
View Real Time Build Order
Export as new Build Order

MrFercho Zerg - Winner!

Build Orders: Hatch First 

Get SALT Encoding   

  12  0:01  Drone  
  13  0:13  Overlord  
  13  0:18  Drone  
  14  0:32  Drone x2  
  16  0:52  Hatchery  
  16  0:55  Drone  
  16  0:59  Drone  
  16  1:03  Drone  
  18  1:12  Extractor  
  17  1:20  Spawning Pool  
  17  1:24  Drone  
  17  1:26  Drone  
  17  1:30  Drone  
  19  1:45  Drone  
  20  1:52  Overlord  
  20  2:04  Drone  
  20  2:05  Drone  
  20  2:07  Queen  
  24  2:09  Queen  
  26  2:20  Drone x2  
  28  2:24  Overlord  
  28  2:25  Drone  
  29  2:30  Metabolic Boost  
  29  2:33  Drone  
  30  2:37  Drone  
  31  2:44  Drone  
  32  2:54  Drone  
  32  2:57  Drone  
  34  3:04  Drone  
  35  3:10  Drone x2  
  37  3:26  Drone x3  
  40  3:29  Zergling x2  
  40  3:30  Zergling x6  
  44  3:34  Extractor  
  44  3:36  Extractor, Drone  
  43  3:52  Drone  
  43  3:54  Overlord x2  
  44  4:02  Evolution Chamber  
  43  4:04  Evolution Chamber  
  43  4:06  Baneling Nest  
  43  4:09  Drone x2  
  44  4:10  Drone  
  44  4:11  Overlord x2  
  44  4:18  Lair  
  44  4:22  Drone x3  
  47  4:25  Zergling x2  
  47  4:28  Drone  
  49  4:34  Zergling x2  
  49  4:37  Zerg Melee Weapons Level 1  
  50  4:39  Zerg Ground Armor Level 1  
  50  4:43  Hatchery  
  49  4:46  Drone  
  49  4:47  Drone  
  49  4:49  Zergling x2  
  49  4:50  Zergling x4  
  54  5:00  Zergling x2  
  54  5:01  Zergling x6  
  54  5:05  Zergling x4  
  60  5:14  Zergling x2  
  61  5:18  Overseer  
  61  5:25  Centrifical Hooks  
  61  5:27  Zergling x2  
  61  5:28  Zergling x8  
  66  5:39  Overlord  
  66  5:42  Zergling x8  
  70  5:45  Baneling  
  70  5:46  Baneling x15  
  70  5:50  Zergling x2  
  71  5:59  Queen  
  71  6:02  Queen  
  51  6:34  Zergling x28  
  64  6:40  Spore Crawler  
  64  6:45  Spine Crawler x2  
  64  6:46  Zergling x4  
  63  6:48  Spine Crawler  
  58  7:01  Zergling x8  
  58  7:15  Drone x3  
  61  7:29  Zergling x2, Hydralisk Den  
  61  7:30  Zergling x16  
  61  7:35  Zerg Melee Weapons Level 2  
  69  7:40  Baneling  
  69  7:41  Baneling x7  
  69  7:48  Zergling x14  
  76  8:02  Zerg Ground Armor Level 2  
  76  8:07  Drone x3  
  76  8:08  Drone x3  
  66  8:30  Zergling x20  
  66  8:31  Zergling x2  
  72  8:35  Overlord  
  72  8:36  Overlord x2  
  72  8:41  Muscular Augments  
  72  8:46  Zergling x2  
  72  8:47  Zergling x2  
  74  8:54  Overlord  
  74  8:55  Zergling x10  
  76  8:59  Baneling  
  76  9:00  Baneling x15  
  72  9:22  Zergling x12  
  72  9:23  Zergling x10  
  71  9:36  Hydralisk  
  71  9:37  Hydralisk x6  
  85  9:53  Grooved Spines  
  74  10:16  Drone x3  
  74  10:17  Extractor  
  74  10:19  Drone x3  
  79  10:23  Hydralisk, Infestation Pit  
  79  10:24  Hydralisk x3  
  86  10:35  Extractor  
  85  10:37  Extractor, Overseer  
  84  10:45  Hydralisk  
  84  10:46  Hydralisk x6  
  98  11:02  Baneling x10  
  98  11:03  Baneling x3  
  98  11:06  Overlord  
  98  11:07  Overlord x2  
  98  11:16  Zerg Missile Weapons Level 1  
  98  11:27  Zergling x10  
  98  11:28  Zergling x16  
  98  11:31  Hive  
  61  12:31  Zergling x4  
  61  12:32  Zergling x34  
  74  12:42  Lurker Den  
  73  12:54  Overlord x2  
  73  12:56  Overlord  
  73  13:02  Baneling  
  73  13:03  Baneling x23  
  73  13:04  Baneling x9  
  73  13:06  Hydralisk x2  
  73  13:09  Zergling x16  
  73  13:10  Zergling x10  
  90  13:45  Hatchery  
  90  13:48  Extractor  
  63  14:02  Zergling x28  
  70  14:03  Zergling x6  
  73  14:12  Hydralisk x3  
  79  14:21  Seismic Spines  
  79  14:22  Hydralisk x5  
  85  14:30  Zerg Melee Weapons Level 3  
  85  14:32  Zerg Ground Armor Level 3  
  85  14:34  Adrenal Glands  
  85  14:39  Zergling x8  
  85  14:40  Zergling x2  
  90  14:53  Zergling x2  
  90  14:54  Zergling x10  
  96  15:18  Adaptive Talons  
  96  15:25  Spire  
  76  16:19  Hydralisk x2  
  76  16:20  Hydralisk x13  
  76  16:23  Zergling x6  
  84  16:36  Hydralisk  
  84  16:37  Hydralisk x2  
  90  16:48  Extractor  
  89  17:04  Lurker x10  
  89  17:06  Zergling x2  
  100  17:32  Hydralisk x3  
  100  17:33  Hydralisk x3  
Show
View Real Time Build Order
Export as new Build Order

TATORREA Protoss - Winner!

Build Orders: Mass Adepts 

Get SALT Encoding   

  12  0:02  Probe  
  13  0:14  Probe  
  14  0:25  Pylon  
  14  0:26  Probe  
  15  0:43  Probe  
  15  0:49  Gateway  
  16  0:55  Probe  
  17  1:04  Assimilator  
  17  1:07  Pylon, Probe  
  18  1:12  Pylon  
  18  1:19  Probe  
  19  1:30  Gateway  
  19  1:32  Probe  
  20  1:44  Probe  
  20  1:46  Assimilator  
  20  1:56  Probe  
  21  2:08  Probe  
  22  2:12  Cybernetics Core  
  22  2:20  Gateway, Probe  
  23  2:23  Gateway  
  23  2:42  Nexus  
  23  2:59  Pylon  
  23  3:02  Pylon  
  23  3:15  Warp Gate  
  23  3:18  Twilight Council  
  23  3:22  Adept x2  
  23  3:25  Adept  
  29  3:31  Adept  
  31  3:35  Probe  
  32  3:45  Resonating Glaives (Chrono Boost)  
  32  3:47  Probe  
  33  3:59  Probe  
  33  4:00  Adept  
  33  4:01  Adept  
  38  4:06  Adept  
  40  4:11  Adept  
  40  4:15  Probe  
  43  4:18  Probe  
  44  4:27  Probe  
  44  4:30  Adept, Probe  
  48  4:33  Adept  
  50  5:03  Probe x2  
  52  5:15  Probe  
  52  5:16  Probe  
  52  5:19  Adept, Nexus  
  56  5:21  Pylon  
  56  5:23  Pylon  
  56  5:25  Charge  
  56  5:28  Probe x2  
  58  5:32  Assimilator  
  58  5:36  Assimilator  
  58  5:40  Probe x2  
  60  5:52  Probe x2  
  63  6:04  Probe x2  
  42  6:36  Stalker x3  
  42  6:40  Stalker x2  
  32  7:32  Stalker x2  
  32  7:35  Probe  
  33  7:41  Probe  
  32  7:47  Probe  
  31  7:53  Probe  
  32  7:59  Probe (Chrono Boost)  
  32  8:05  Probe (Chrono Boost), Nexus  
  34  8:06  Pylon  
  34  8:11  Probe (Chrono Boost)  
  35  8:15  Probe (Chrono Boost)  
  35  8:17  Probe (Chrono Boost)  
  35  8:18  Zealot x2  
  41  8:20  Probe (Chrono Boost)  
  41  8:26  Probe  
  43  8:27  Pylon  
  43  8:32  Probe (Chrono Boost)  
  44  8:34  Stargate  
  44  8:37  Stargate  
  44  8:38  Probe (Chrono Boost), Stargate  
  45  8:44  Probe (Chrono Boost)  
  47  8:48  Probe (Chrono Boost)  
  47  8:50  Gateway, Probe (Chrono Boost)  
  47  8:53  Gateway, Probe (Chrono Boost)  
  49  8:57  Probe, Zealot x2  
  49  8:58  Zealot  
  49  9:01  Gateway  
  56  9:04  Gateway, Probe  
  56  9:07  Gateway  
  58  9:10  Probe  
  58  9:16  Probe  
  59  9:22  Probe  
  60  9:28  Probe  
  61  9:33  Assimilator  
  61  9:34  Assimilator, Probe  
  62  9:40  Probe  
  62  9:41  Phoenix x2  
  62  9:42  Phoenix  
  69  9:46  Probe  
  69  9:50  Stalker x5  
  80  9:52  Probe  
  80  9:54  Stalker  
  83  10:11  Zealot x3  
  89  10:19  Void Ray x2  
  97  10:34  Probe (Chrono Boost)  
  97  10:35  Probe (Chrono Boost)  
  100  10:36  Probe (Chrono Boost)  
  100  10:45  Probe x3 (Chrono Boost)  
  100  10:46  Robotics Facility  
  100  10:49  Pylon, Probe (Chrono Boost)  
  103  10:50  Probe x2 (Chrono Boost)  
  103  10:53  Pylon  
  106  10:57  Pylon  
  106  11:00  Probe x2  
  106  11:01  Probe  
  109  11:10  Void Ray  
  109  11:11  Void Ray  
  113  11:12  Probe x2  
  113  11:13  Probe  
  113  11:18  Void Ray  
  124  11:19  Blink (Chrono Boost)  
  124  11:24  Probe  
  125  11:33  Forge  
  125  11:34  Forge  
  125  11:36  Observer  
  126  11:44  Probe  
  126  11:45  Probe x2  
  129  11:48  Zealot  
  129  11:49  Zealot  
  133  12:02  Pylon  
  133  12:06  Protoss Ground Weapons Level 1 (Chrono Boost), Protoss Shields Level 1 (Chrono Boost)  
  133  12:08  Pylon  
  133  12:15  Pylon  
  133  12:19  Pylon  
  133  12:26  Pylon  
  133  12:30  Pylon  
  133  12:33  Pylon  
  133  12:35  Pylon, Nexus  
  133  12:36  Pylon  
  133  12:38  Pylon  
  133  12:40  Zealot x3  
  133  12:41  Zealot x4  
  133  12:43  Pylon, Zealot  
  149  12:46  Zealot  
  151  12:51  Pylon  
  151  13:01  Stalker  
  151  13:02  Stalker x3  
  159  13:05  Stalker  
  161  13:17  Stalker x3  
  167  13:23  Assimilator x2  
  167  13:34  Stalker  
  167  13:35  Stalker x4  
  167  13:36  Stalker  
  111  14:36  Protoss Ground Weapons Level 2 (Chrono Boost)  
  111  14:39  Stalker x2  
  111  14:40  Stalker x4  
  111  14:41  Stalker x3  
  129  14:47  Protoss Shields Level 2 (Chrono Boost)  
  129  14:49  Void Ray x3  
  141  14:57  Probe x3  
  141  14:58  Probe  
  145  15:07  Stalker  
  145  15:08  Stalker x3  
  145  15:09  Stalker, Probe x2  
  145  15:10  Probe  
  158  15:27  Gateway x2  
  158  15:30  Gateway  
  158  15:31  Void Ray  
  158  15:32  Void Ray x2  
  158  15:35  Stalker x3  
  172  15:36  Stalker x2  
  172  15:37  Stalker  
  180  16:14  Void Ray x2  
  166  16:47  Stalker x3  
  166  16:48  Stalker x5  
  166  16:49  Stalker x4  
  130  17:21  Pylon  
  114  17:47  Stalker  
  114  17:48  Stalker x5  
  114  17:49  Stalker x5  
  114  17:50  Stalker  
  130  18:06  Gateway  
  130  18:08  Gateway  
Show
View Real Time Build Order
Export as new Build Order

Ooze Protoss 

Build Orders: Nexus First 

Get SALT Encoding   

  12  0:00  Probe  
  13  0:12  Probe  
  14  0:24  Probe (Chrono Boost)  
  15  0:39  Pylon  
  15  0:57  Probe  
  15  0:59  Nexus  
  16  1:11  Assimilator  
  16  1:20  Probe (Chrono Boost)  
  17  1:29  Probe (Chrono Boost)  
  18  1:38  Probe  
  18  1:39  Forge  
  19  1:50  Probe  
  20  2:00  Gateway  
  20  2:04  Probe (Chrono Boost)  
  21  2:12  Probe (Chrono Boost)  
  23  2:20  Probe x2 (Chrono Boost)  
  24  2:26  Probe (Chrono Boost)  
  24  2:29  Photon Cannon  
  26  2:31  Photon Cannon  
  26  2:35  Probe (Chrono Boost)  
  27  2:38  Probe (Chrono Boost)  
  27  2:54  Cybernetics Core  
  27  2:55  Pylon  
  27  2:57  Probe x2  
  28  3:05  Assimilator  
  28  3:09  Probe  
  28  3:10  Probe  
  30  3:20  Gateway  
  30  3:21  Gateway  
  30  3:22  Assimilator, Probe (Chrono Boost)  
  32  3:27  Probe (Chrono Boost)  
  32  3:32  Probe (Chrono Boost)  
  32  3:33  Warp Gate (Chrono Boost)  
  34  3:35  Probe (Chrono Boost)  
  34  3:37  Probe (Chrono Boost)  
  35  3:46  Probe  
  35  3:47  Sentry  
  38  3:49  Probe  
  38  3:53  Robotics Facility  
  39  3:58  Probe  
  39  4:01  Protoss Ground Weapons Level 1 (Chrono Boost), Probe  
  39  4:02  Pylon  
  41  4:10  Probe  
  41  4:13  Probe  
  41  4:14  Photon Cannon  
  41  4:15  Pylon  
  43  4:32  Nexus  
  43  4:34  Pylon  
  43  4:36  Pylon  
  43  4:38  Warp Prism (Chrono Boost)  
  43  4:45  Assimilator  
  45  4:52  Zealot x2  
  49  4:53  Zealot  
  49  4:58  Probe x2  
  53  5:07  Photon Cannon  
  53  5:09  Photon Cannon  
  53  5:10  Probe  
  54  5:16  Immortal (Chrono Boost)  
  58  5:33  Shield Battery  
  58  5:36  Shield Battery  
  58  5:37  Gateway  
  58  5:40  Gateway  
  58  5:42  Forge  
  58  6:02  Stalker x2  
  58  6:03  Stalker  
  64  6:29  Stalker x3  
  60  6:47  Stalker x2  
  50  7:11  Stalker x2  
  50  7:12  Stalker x2  
  58  7:24  Protoss Ground Armor Level 1  
  58  7:25  Protoss Shields Level 1  
  58  7:30  Twilight Council  
  58  7:37  Gateway  
  58  7:38  Gateway, Probe x3  
  58  7:40  Gateway  
  58  7:41  Gateway  
  61  7:45  Photon Cannon  
  61  7:48  Sentry x2  
  61  7:50  Stalker x2, Probe x3  
  72  7:53  Stalker  
  74  8:02  Probe  
  74  8:05  Immortal  
  67  8:28  Zealot x3  
  67  8:29  Zealot x2  
  57  8:38  Assimilator  
  57  8:39  Charge  
  57  8:41  Pylon  
  57  8:42  Assimilator  
  57  8:49  Robotics Bay  
  57  8:57  Pylon, Zealot x4  
  57  8:58  Zealot x2  
  69  9:06  Pylon  
  69  9:10  Pylon  
  69  9:23  Stalker x5  
  69  9:24  Stalker  
  67  9:31  Zealot  
  69  9:38  Assimilator  
  69  9:52  Stalker x4  
  67  10:09  Stalker x3, Zealot x2  
  61  10:19  Probe  
  61  10:20  Probe x2  
  64  10:23  Stalker  
  66  10:31  Colossus (Chrono Boost)  
  66  10:32  Probe x2  
  74  10:41  Shield Battery  
  74  10:52  Sentry x2  
  74  10:54  Zealot x2  
  74  10:55  Zealot x2  
  86  11:02  Probe (Chrono Boost)  
  87  11:07  Probe (Chrono Boost)  
  89  11:12  Probe (Chrono Boost)  
  89  11:13  Extended Thermal Lance (Chrono Boost)  
  89  11:15  Probe (Chrono Boost)  
  89  11:18  Probe (Chrono Boost)  
  91  11:20  Colossus (Chrono Boost)  
  97  11:30  Zealot x4  
  105  11:33  Protoss Ground Armor Level 2 (Chrono Boost)  
  105  11:48  Nexus  
  105  11:52  Pylon, Probe  
  104  12:04  Probe  
  92  12:28  Pylon  
  92  12:29  Pylon  
  90  12:31  Pylon  
  90  12:35  Pylon  
  90  12:39  Photon Cannon  
  90  12:41  Photon Cannon  
  90  12:42  Photon Cannon  
  90  12:44  Photon Cannon, Probe  
  90  12:45  Probe x2  
  90  12:47  Pylon  
  93  12:57  Probe (Chrono Boost)  
  93  12:58  Stalker x4, Probe x2 (Chrono Boost)  
  104  13:06  Probe (Chrono Boost)  
  106  13:15  Probe (Chrono Boost)  
  106  13:16  Probe (Chrono Boost)  
  108  13:20  Probe (Chrono Boost)  
  108  13:26  Probe (Chrono Boost)  
  110  13:28  Probe (Chrono Boost)  
  110  13:33  Probe x2 (Chrono Boost)  
  111  13:39  Nexus  
  111  13:40  Assimilator  
  112  13:44  Assimilator, Probe x2  
  112  13:48  Probe x2  
  92  13:56  Probe x2  
  92  14:00  Probe  
  89  14:05  Stalker x3  
  89  14:06  Stalker x3  
  99  14:23  Stalker  
  95  14:29  Colossus (Chrono Boost)  
  95  14:38  Pylon  
  101  14:40  Pylon  
  101  14:52  Gateway  
  101  14:54  Stalker x4  
  101  14:55  Stalker x2, Gateway  
  101  14:58  Gateway  
  113  15:01  Gateway  
  113  15:12  Colossus (Chrono Boost)  
  119  15:22  Probe  
  119  15:24  Gateway  
  119  15:25  Photon Cannon  
  119  15:26  Gateway  
  120  15:30  Gateway  
  120  15:33  Stalker x2  
  120  15:34  Probe, Zealot  
  127  15:36  Zealot  
  129  15:47  Photon Cannon, Probe  
  129  15:49  Stalker  
  132  15:51  Stalker  
  132  15:52  Shield Battery  
  134  15:59  Probe  
  134  16:00  Stalker x3  
  141  16:08  Stalker  
  122  16:24  Stalker x5  
  122  16:25  Stalker  
  126  16:35  Stalker x2  
  126  16:36  Stalker  
  83  17:06  Zealot x4  
  83  17:07  Zealot x2  
  60  17:26  Zealot  
  60  17:27  Zealot x5  
  60  17:48  Zealot x6  
Show
View Real Time Build Order
Export as new Build Order

TheBuddha Protoss 

Build Orders:  

Get SALT Encoding   

  12  0:04  Probe  
  13  0:29  Pylon  
  13  0:37  Probe (Chrono Boost)  
  14  0:45  Assimilator  
  14  0:48  Probe (Chrono Boost)  
  15  0:53  Probe (Chrono Boost)  
  15  0:55  Forge  
  16  1:08  Probe  
  17  1:20  Probe  
  18  1:32  Probe  
  19  1:59  Photon Cannon  
  19  2:05  Gateway  
  19  2:12  Nexus  
  19  2:20  Probe (Chrono Boost)  
  21  2:30  Probe (Chrono Boost)  
  21  2:35  Probe (Chrono Boost)  
  22  2:46  Probe  
  23  2:57  Cybernetics Core  
  23  3:27  Assimilator  
  23  3:31  Probe (Chrono Boost)  
  24  3:40  Stargate  
  25  3:42  Probe (Chrono Boost)  
  25  3:47  Probe (Chrono Boost)  
  25  3:48  Pylon  
  26  3:54  Probe (Chrono Boost)  
  28  4:04  Probe x2 (Chrono Boost)  
  28  4:08  Stargate  
  28  4:09  Probe (Chrono Boost)  
  29  4:10  Stalker, Probe  
  29  4:16  Assimilator  
  33  4:20  Probe  
  33  4:21  Assimilator  
  33  4:22  Probe  
  35  4:32  Probe  
  35  4:33  Pylon  
  35  4:34  Probe  
  35  4:36  Pylon  
  37  4:40  Stalker  
  39  4:46  Probe  
  40  4:58  Probe  
  41  5:04  Void Ray  
  45  5:10  Probe  
  46  5:22  Probe  
  47  5:34  Probe  
  47  5:35  Void Ray  
  52  5:44  Fleet Beacon  
  52  5:46  Probe  
  13  6:49  Probe (Chrono Boost)  
  13  6:52  Protoss Shields Level 1  
  14  6:59  Probe (Chrono Boost)  
  15  7:04  Probe (Chrono Boost)  
  15  7:06  Protoss Air Weapons Level 1  
  17  7:15  Probe  
  17  7:27  Probe  
  15  7:36  Pylon  
  14  7:43  Probe (Chrono Boost)  
  15  7:52  Probe (Chrono Boost)  
  15  7:53  Probe (Chrono Boost)  
  15  7:55  Carrier  
  23  7:59  Probe (Chrono Boost)  
  23  8:01  Void Ray, Probe (Chrono Boost)  
  23  8:04  Probe (Chrono Boost)  
  24  8:07  Pylon  
  24  8:09  Probe  
  24  8:11  Photon Cannon  
  26  8:15  Probe  
  27  8:21  Probe  
  28  8:28  Probe  
  28  8:33  Probe  
  30  8:40  Probe  
  31  8:52  Probe  
  32  9:04  Probe (Chrono Boost)  
  33  9:16  Probe (Chrono Boost)  
  34  9:21  Probe (Chrono Boost)  
  35  9:30  Probe (Chrono Boost)  
  36  9:42  Probe (Chrono Boost)  
  36  9:44  Void Ray  
  41  9:49  Probe (Chrono Boost)  
  42  9:57  Probe  
  43  10:09  Probe (Chrono Boost)  
  44  10:18  Probe (Chrono Boost)  
  44  10:20  Probe (Chrono Boost)  
  46  10:25  Probe (Chrono Boost)  
  46  10:27  Probe (Chrono Boost)  
  48  10:30  Probe (Chrono Boost)  
  48  10:35  Probe  
  50  10:41  Probe  
  51  10:43  Void Ray  
  51  10:47  Probe  
  56  10:50  Unknown  
  56  10:54  Probe  
  57  11:05  Probe (Chrono Boost)  
  59  11:11  Probe (Chrono Boost)  
  59  11:15  Probe (Chrono Boost)  
  61  11:19  Probe (Chrono Boost)  
  61  11:29  Protoss Air Armor Level 1  
  61  11:30  Probe (Chrono Boost)  
  62  11:38  Probe (Chrono Boost)  
  63  11:44  Probe  
  64  11:56  Probe  
  65  12:08  Probe  
  66  12:20  Probe  
  67  12:59  Pylon  
  67  13:02  Pylon  
  67  13:04  Pylon  
  67  13:07  Pylon  
  67  13:10  Pylon  
  67  13:14  Pylon  
  67  13:16  Void Ray x2, Nexus  
  75  13:50  Protoss Air Weapons Level 2 (Chrono Boost)  
  75  13:59  Void Ray x2  
  60  14:42  Void Ray, Carrier  
  70  15:15  Carrier  
  70  15:24  Nexus  
  76  15:47  Carrier  
  78  16:05  Pylon  
  46  16:48  Void Ray (Chrono Boost)  
Tags
 
Add a new tag
Caveats
  • Supply blocks, unpowered buildings, or Contaminate may cause inaccurate times.
  • Supply counts are checked every 10 seconds.